Cogmind - Beta 13 @@@ ROGUE MODE // 2024.03.22 @ 23:58:58 Player: GR4C3 Result: Destroyed by D-53 Grenadier with Mini Grenade Launcher Performance ------------- Evolutions (1) 500 Regions Visited (3) 600 Robots Destroyed (14) 70 Value Destroyed (223) 223 Prototype IDs (0) 0 Alien Tech Used (0) 0 Bonus (0) 0 TOTAL SCORE: 1393 Bonus ------- None Cogmind --------- Core Integrity 0/400 Matter 226/400 Energy 15/100 System Corruption 0% Temperature Cool (30) Movement Rolling (80) Location -9/Mines Parts ------- > --- POWER (1) -------- (None) > --- PROPULSION (3) --- Wheel Wheel Wheel > --- UTILITY (3) ------ Medium Storage Unit Medium Matter Pod Visual Processing Unit > --- WEAPON (2) ------- Light EM Pulse Cannon > --- INVENTORY (10) --- Small Storage Unit Beam Rifle Peak State ------------ > --- POWER ------------ Light Ion Engine > --- PROPULSION ------- Wheel Wheel Wheel > --- UTILITY ---------- Medium Storage Unit Medium Matter Pod Visual Processing Unit > --- WEAPON ----------- Beam Rifle Light EM Pulse Cannon > --- INVENTORY -------- Small Storage Unit Heavy EM Pulse Gun [Rating: 12] Favorites ----------- Power Light Ion Engine Engine Light Ion Engine Propulsion Flight Unit Leg Aluminum Leg Wheel Wheel Hover Unit Improved Hover Unit Flight Unit Flight Unit Utility Terrain Scanner Device Terrain Scanner Storage Small Storage Unit Processor Visual Processing Unit Protection Light Armor Plating Weapon Small Laser Energy Gun Small Laser Energy Cannon Light EM Pulse Cannon Ballistic Gun Assault Rifle Launcher Grenade Launcher Build | -11 -10 -9 -9 ------- Run | Yrd Mat Mat Min Slots Evolved 2 | . . 2 . Power . | . . . . Propulsion 1 | . . 1 . Utility 1 | . . 1 . Weapon . | . . . . Parts Attached 38 | 2 18 7 11 Power 3 | 1 1 . 1 Engine 3 | 1 1 . 1 Core . | . . . . Reactor . | . . . . Propulsion 12 | 1 6 2 3 Treads . | . . . . Leg 2 | 1 1 . . Wheel 3 | . . . 3 Hover 1 | . . 1 . Flight 6 | . 5 1 . Utility 8 | . 3 2 3 Device 2 | . 2 . . Storage 4 | . . 2 2 Processor 1 | . . . 1 Hackware . | . . . . Protection 1 | . 1 . . Artifact . | . . . . Weapon 15 | . 8 3 4 Energy Gun 6 | . 3 1 2 Energy Cannon 2 | . . . 2 Ballistic Gun 6 | . 5 1 . Ballistic Cannon . | . . . . Launcher 1 | . . 1 . Special Weapon . | . . . . Impact Weapon . | . . . . Slashing Weapon . | . . . . Piercing Weapon . | . . . . Special Melee Weapon . | . . . . Unidentified Prototypes . | . . . . Parts Lost 13 | . . 11 2 Power 2 | . . 1 1 Propulsion 4 | . . 4 . Utility 2 | . . 2 . Weapon 5 | . . 4 1 Highest Loss Streak 11 | . . 11 2 To Critical Strikes . | . . . . Average Slot Usage (%) 75 | . 82 81 51 Engine 10 | . 14 7 5 Leg 3 | . 5 . . Wheel 3 | . . . 16 Flight 17 | . 22 22 . Device 9 | . 9 20 . Storage 5 | . . 11 17 Processor 1 | . . . 5 Protection 3 | . 5 . . Energy Gun 11 | . 14 10 7 Ballistic Gun 7 | . 10 8 . Naked Turns . | . . . . Heaviest Build 22 | 5 10 14 22 Greatest Support 30 | 10 20 12 30 Greatest Overweight (x) 3 | 1 1 3 3 Average Overweight (x) . | . . . . Largest Inventory Capacity 10 | 5 5 10 10 Average Capacity 6 | 5 5 7 8 Most Carried 6 | 5 5 5 6 Average Carried 3 | 4 4 3 3 Final Capacity 10 | 5 5 8 10 Final Carried 5 | 5 5 2 2 Class Distribution -------------------- 52% | Mutant 47% | Scavenger-Mutant Dominant Class ---------------- Mutant | -10/Materials Scavenger-Mutant | -9/Materials Scavenger-Mutant | -9/Mines Resources | -11 -10 -9 -9 ----------- Run | Yrd Mat Mat Min Matter Collected 560 | 220 247 . 93 Remotely . | . . . . Salvage Created 308 | . 231 22 55 Parts 31 | . 25 1 5 Haulers Intercepted . | . . . . Recyclers Shooed . | . . . . Parts Field Recycled . | . . . . Retrieved Matter . | . . . . Parts Self-Destructed . | . . . . Prevented . | . . . . Kills | -11 -10 -9 -9 ------- Run | Yrd Mat Mat Min Combat Hostiles Destroyed 9 | . 8 1 . Guns 9 | . 8 1 . Classes Destroyed 5 | . 3 1 1 Worker 2 | . . . 2 Watcher 3 | . 3 . . Swarmer 6 | . 6 . . Grunt 2 | . 2 . . Sentry 1 | . . 1 . Best Kill Streak 3 | . 3 1 1 Combat Bots Only 3 | . 3 1 . Max Kills in Single Turn 1 | . 1 1 1 Gunslinging . | . . . . Exploded . | . . . . Melee . | . . . . Uniques/NPCs Destroyed . | . . . . Combat | -11 -10 -9 -9 -------- Run | Yrd Mat Mat Min Hostile Shots Fired 139 | . 32 102 5 Missed 38 | . 10 28 . Damage Taken 1225 | . 218 825 182 Core 445 | . 31 321 93 Absorbed by Shields . | . . . . Core Remaining (%) 93 | 100 87 . . Volleys Fired 55 | . 32 10 13 Largest 2 | . 2 2 2 Hottest 101 | . 70 70 101 Shots Fired 88 | . 54 19 15 Gun 82 | . 54 15 13 Cannon 2 | . . . 2 Launcher 4 | . . 4 . Special . | . . . . Kinetic 29 | . 23 6 . Thermal 51 | . 31 9 11 Explosive 4 | . . 4 . Electromagnetic 4 | . . . 4 Robot Hit Streak 5 | . 5 3 2 Robot Miss Streak 4 | . 4 4 2 Penetration Max . | . . . . Secondary Targets 2 | . 1 1 . Max Gunslinging Chain 1 | . 1 1 . Shots Hit Robots 49 | . 32 10 7 Core Hits 20 | . 15 3 2 Critical Kills . | . . . . Critical Parts Destroyed . | . . . . Critical Strikes . | . . . . Melee Attacks . | . . . . Impact . | . . . . Slashing . | . . . . Piercing . | . . . . Sneak Attacks . | . . . . Combat Hostiles . | . . . . Follow-up Attacks . | . . . . Damage Inflicted 777 | . 387 284 106 Guns 561 | . 387 87 87 Cannons 19 | . . . 19 Explosions 197 | . . 197 . Melee . | . . . . Ramming . | . . . . Kinetic 193 | . 167 26 . Thermal 368 | . 220 61 87 Explosive 197 | . . 197 . Electromagnetic 19 | . . . 19 Impact . | . . . . Slashing . | . . . . Piercing . | . . . . Highest Corruption 1 | . 1 . . Average Corruption 1 | . 1 . . Corruption Purged . | . . . . Corruption Blocked . | . . . . Effects 1 | . 1 . . Matter Fused 1 | . 1 . . Overload Shots . | . . . . Overflow Damage 14 | . . 14 . Projectiles . | . . . . Explosions 14 | . . 14 . Melee . | . . . . Knockbacks . | . . . . Impact . | . . . . Kinetic . | . . . . Secondary . | . . . . Self-Inflicted Damage 83 | . . 83 . Shots 4 | . . 4 . Rammed . | . . . . Targets Rammed . | . . . . Kicked . | . . . . Crushed . | . . . . Highest Temperature 299 | . 299 49 30 Average Temperature 78 | . 94 17 20 Received Heat Transfer 237 | . 66 171 . Effects 1 | . 1 . . Energy Bleed 1 | . 1 . . Siege Activations . | . . . . Robots Corrupted . | . . . . Combat Hostiles . | . . . . Parts Fried . | . . . . Impact Corruptions . | . . . . Robots Melted . | . . . . Combat Hostiles . | . . . . Parts Melted 2 | . 2 . . Heat Transferred 930 | . 547 161 222 Parts Sabotaged . | . . . . Parts Stolen . | . . . . Parts Stripped . | . . . . Power Chain Reactions . | . . . . Alert | -11 -10 -9 -9 ------- Run | Yrd Mat Mat Min Peak Influence 283 | . 283 134 47 Initial 44 | . . 44 37 Average 96 | . 130 80 42 Maximum Alert Level 1 | . 1 . . Low Security (%) 86 | 100 75 100 100 Level 1 13 | . 24 . . Level 2 . | . . . . Level 3 . | . . . . Level 4 . | . . . . Level 5 . | . . . . High Security . | . . . . Max Security . | . . . . Squads Dispatched 3 | . . 3 . Investigation . | . . . . Extermination . | . . . . Reinforcement 3 | . . 3 . Assault . | . . . . Garrison . | . . . . Intercept . | . . . . Searches Triggered . | . . . . Construction Impeded 1 | . . 1 . Haulers Reinforced . | . . . . Active Scanning Responses . | . . . . Cargo Convoy Interrupts . | . . . . Stealth | -11 -10 -9 -9 --------- Run | Yrd Mat Mat Min Distress Signals 2 | . 1 1 . Communications Jammed . | . . . . Distress Signals . | . . . . Times Spotted 30 | . 16 13 1 Peak Tracking Total 10 | . 4 10 2 Tactical Retreats 1 | . . 1 . Traps | -11 -10 -9 -9 ------- Run | Yrd Mat Mat Min Traps Triggered 1 | . 1 . . Indirectly . | . . . . Trap Hack Attempts . | . . . . Triggered . | . . . . Disarmed . | . . . . Reprogrammed . | . . . . Reused . | . . . . Traps Extracted . | . . . . Installed . | . . . . Triggered . | . . . . Machines | -11 -10 -9 -9 ---------- Run | Yrd Mat Mat Min Machines Disabled . | . . . . Max in Single Turn . | . . . . Machines Repaired . | . . . . Machines Dismantled . | . . . . Machines Sabotaged . | . . . . Overloaded Fab Kills . | . . . . Hacking | -11 -10 -9 -9 --------- Run | Yrd Mat Mat Min Machines Accessed 8 | . 7 1 . Terminals 7 | . 6 1 . Fabricators . | . . . . Repair Stations . | . . . . Recycling Units 1 | . 1 . . Scanalyzers . | . . . . Garrison Access . | . . . . Total Hacks 11 | . 10 1 . Successful 8 | . 7 1 . Failed 3 | . 3 . . Catastrophic . | . . . . Database Lockouts . | . . . . Manual . | . . . . Terminals 9 | . 8 1 . Fabricators . | . . . . Repair Stations . | . . . . Recycling Units 2 | . 2 . . Scanalyzers . | . . . . Garrison Access . | . . . . Terminal Hacks 7 | . 6 1 . Record 1 | . 1 . . Emergency Access Points 1 | . 1 . . Alert Level 1 | . 1 . . Locate Traps 1 | . . 1 . Dispatch Records 1 | . 1 . . Zone Layout 2 | . 2 . . Fabricator Hacks . | . . . . Repair Station Hacks . | . . . . Recycling Unit Hacks 1 | . 1 . . Report Inventory 1 | . 1 . . Scanalyzer . | . . . . Garrison Access Hacks . | . . . . Unauthorized Hacks . | . . . . Terminals . | . . . . Fabricators . | . . . . Repair Stations . | . . . . Recycling Units . | . . . . Scanalyzers . | . . . . Garrison Access . | . . . . Data Cores Recovered . | . . . . Used . | . . . . Hacking Detections 3 | . 3 . . Full Trace Events . | . . . . Feedback Events . | . . . . Feedback Blocked . | . . . . Robot Schematics Acquired . | . . . . Robots Built . | . . . . Authchips . | . . . . Time . | . . . . Total Robot Build Rating . | . . . . Part Schematics Acquired . | . . . . Parts Built . | . . . . Authchips . | . . . . Time . | . . . . Total Part Build Rating . | . . . . Parts Repaired . | . . . . Time . | . . . . Parts Recycled . | . . . . Recycled Matter . | . . . . Retrieved Matter . | . . . . Retrieved Components . | . . . . Parts Scanalyzed . | . . . . Part Schematics Acquired . | . . . . Parts Damaged . | . . . . Bothacking | -11 -10 -9 -9 ------------ Run | Yrd Mat Mat Min Used RIF Installer . | . . . . Robots Hacked . | . . . . Non-combat . | . . . . Combat . | . . . . Robot Hacks Applied . | . . . . Relay Couplers Released . | . . . . Fabnet Peak Effective % . | . . . . Robots Rewired . | . . . . Allies Hacked . | . . . . Hacks Repelled . | . . . . Allies | -11 -10 -9 -9 -------- Run | Yrd Mat Mat Min Total Allies . | . . . . Largest Group . | . . . . Highest-Rated Group . | . . . . Highest-Rated Ally . | . . . . Total Orders . | . . . . Ally Attacks . | . . . . Total Damage . | . . . . Kills . | . . . . Allies Corrupted . | . . . . Allies Melted . | . . . . Intel | -11 -10 -9 -9 ------- Run | Yrd Mat Mat Min Robot Analysis Total . | . . . . Derelict Logs Recovered . | . . . . Drone Launches . | . . . . Drone Recoveries . | . . . . Exploration | -11 -10 -9 -9 ------------- Run | Yrd Mat Mat Min Turns Passed 748 | 35 430 110 173 Spaces Moved 933 | 29 605 162 137 Core 71 | 11 . 15 45 Treads . | . . . . Legs 69 | 18 51 . . Wheels 92 | . . . 92 Hover 2 | . . 2 . Flight 699 | . 554 145 . Fastest Speed 34 | 50 37 34 80 Average Speed 53 | 95 45 45 89 Slowest Speed 200 | 120 130 200 200 Overloaded Moves . | . . . . Propulsion Burnouts . | . . . . Robots Hopped 3 | . 3 . . Cave-ins Triggered . | . . . . Exploration Rate (%) 35 | 3 85 27 27 Regions Visited 3 Branch Regions 1 Pre-discovered Areas . | . . . . Known Exits Taken . | . . . . Unknown Exits Taken 3 | 1 1 1 . Scrap Searched . | . . . . Spaces Dug . | . . . . Terrain Destroyed 9 | . . 9 . Melee . | . . . . Projectile . | . . . . AOE 9 | . . 9 . Terrain Rammed . | . . . . Walls Destroyed . | . . . . Machines Disabled . | . . . . Actions | -11 -10 -9 -9 --------- Run | Yrd Mat Mat Min Total 1091 | 35 703 180 173 Wait 29 | . 26 . 3 Move 924 | 28 598 161 137 Hop 3 | . 3 . . Pick Up 27 | 5 12 2 8 Fast Attach 5 | 2 3 . . Attach 21 | . 7 5 9 Detach 4 | . 3 . 1 Swap 12 | . 8 2 2 Drop 11 | . 11 . . Fire 55 | . 32 10 13 Melee . | . . . . Ram . | . . . . Kick . | . . . . Crush . | . . . . Escape Stasis . | . . . . Rewire . | . . . . Trap . | . . . . Miscellaneous . | . . . . Route ------- -11/Scrapyard -10/Materials (discovered 5 exits: *Mat x3 / [*Min x2]) -9/Materials -9/Mines (discovered 1 exit: [*Mat]) History --------- Turn | Location | Event 13 | -11/Scrapyard | Discovered new exit (range 15) 36 | -11/Scrapyard | Entered Materials 254 | -10/Materials | Discovered new exit (range 7) 258 | -10/Materials | Discovered new exit (range 15) 285 | -10/Materials | Discovered new exit (range 13) 390 | -10/Materials | Discovered new exit (range 19) 453 | -10/Materials | Discovered new exit (range 14) 466 | -10/Materials | Entered another Materials area 466 | -9/Materials | Evolved 2 slots: Propulsion x1, Utility x1 565 | -9/Materials | Core integrity fell below 50% 567 | -9/Materials | Discovered new exit (range 9) 576 | -9/Materials | Core integrity fell below 20% 576 | -9/Materials | Entered Mines 590 | -9/Mines | Discovered new exit (range 7) 599 | -9/Mines | Lost 11 parts (1p4n2u4w) 720 | -9/Mines | Assembled infested the area 725 | -9/Mines | Assisted by a Guerilla fighting off Assembled 749 | -9/Mines | Destroyed by D-53 Grenadier with Mini Grenade Launcher Last Messages --------------- U-05 Engineer builds a Wall. K-01 Serf collects debris. ALERT: Infestation in the mines, dispatching Demolisher response squad. A derelict emerges from the shadows: "You need to get out of here! I've been tracking a group of Assembled to figure out where they're coming from, and they're closing on this area, come on!" 8X-1GK(h): "I'll hold them off! Go on ahead or try to find another way!" HV Slug penetrates as-25011. HV Slug penetrates Wall. C-30 ARC bursts open, deploying its payload. D-53 Grenadier unfolds itself. Matter Pump disabled. Lgt. Ion Engine destroyed. HV Slug penetrates Wall. 8X-1GK(h) heat damages Fission Core, Bore Cannon. HV Slug penetrates Wall. Hvy. EM Pulse Gun destroyed. Map ----- +----------------------------------------------------+ | ??????????????????????????????????????????????? | | ??????????????????????????????????????????????? | | ??????????????????????????????????????????????? | | ??????????????????????????????????????????????? | | ??????????????????????????????????????????????? | | ??????????????????????????????????????????????? | | ??????????????????????????????????????????????? | | ??????????????????????????????????????????????? | | ??????????????????????????????????????????????? | | ??????????????????????????????????????????????? | | ??????????????????????????????????????????????? | | ??????????????????????????????????????????????? | | ??????????????????????????????????????????????? | | ######????????????????????????????????????????? | | #????????????????????????????????????????? | | #????????????????????????????????????????? | | #????????????????????????????????????????? | | #??????####??????????????????????????????? | | #?????## #???????####???????????????????? | | < #???### #???????# ##??????????????????? | | ### ##??## #????????# ##?????????????????? | | ??# ##### ##??????### ##????????????????? | | ??# ## ##???????# ##???????????????? | | ??# ## ##++##????###?# #???????????????? | | ??# ## ## #????## ## #???????????????? | | ### ## # #????# # @ ##??????????????? | | ##???# #??????????????? | | ##### ##??## " #??????????????? | | ????## #???## " #??????????????? | | ?????## #????# #??????????????? | | ??????# | #????# #;#?????????????? | | ??????## #????## #### ##;##?????????????? | | ######## #########d##??# #?##??????????????? | | % #???# h ????????????????? | | #???#####???????????????? | | #### ############???????????????????????? | | ???## ##??????????????????????????????????? | | ????##### #???????????????????????????????????? | | ????????# #???????????????????????????????????? | | ????????# #???????????????????????????????????? | | ????????# #???????????????????????????????????? | | ????????# ???????????????????????????????????? | | ????????###???????????????????????????????????? | | ??????????????????????????????????????????????? | | ??????????????????????????????????????????????? | | ??????????????????????????????????????????????? | | ??????????????????????????????????????????????? | | ??????????????????????????????????????????????? | | ??????????????????????????????????????????????? | | ??????????????????????????????????????????????? | +----------------------------------------------------+ Best States ------------- Heat Dissipation 28 Energy Generation 10 Energy Capacity 250 Matter Stores 300 Matter Capacity 400 Sight Range 18 Robot Scan Range 14 Terrain Scan Range 14 Terrain Scan Density 10 Armor Coverage 150 Evasion (%) 63 Item Schematics ----------------- None Robot Schematics ------------------ None Fabricated ------------ Nothing Alien Tech Used ----------------- None Achievements -------------- None Challenges ------------ None Game ------ Seed SystemDeuteriumWheel Manual? 0 Play Time 00:22:48 Cumulative 27.8 hours Start 2024.03.22 @ 23:32:17 End 2024.03.22 @ 23:58:58 Sessions 2 Manual Loads 0 Difficulty Rogue Special Mode None Game No. 17 Rogue 3 Adventurer 14 Explorer 0 Win Type - Total 0 Types 0/0/0/0/0/0/0/0/0 Lore% 16 Gallery% 27 Achievement% 18 Wizard Run 0 Options --------- Layout 1 ASCII 0 Keyboard 0 Movement Mouse Keybinds 0 Fullscreen 2 Font 36/Terminus Map View 53x45 Zoom Use 0% Tactical HUD 0 Map Filters NONE Filters NONE Steam 1 RUN: b5619c1c-105e-4b85-ae40-fef43d1b3702